 Dungeon Crawl Stone Soup version 0.19.1-1-g22dce08 (webtiles) character file.

68 dngmouse the Firebug (level 4, -2/51 HPs)
             Began as a Hill Orc Fire Elementalist on Jan 11, 2017.
             Slain by a goblin (5 damage)
             ... led by Robin
             ... on level 2 of the Dungeon.
             The game lasted 00:11:40 (2438 turns).

dngmouse the Firebug (Hill Orc Fire Elementalist)   Turns: 2438, Time: 00:11:45

Health: -2/51      AC: 22    Str: 11    XL:     4   Next: 19%
Magic:  1/6        EV:  2    Int: 15    God:
Gold:   79         SH:  0    Dex: 11    Spells: 1 memorised, 5 levels left

rFire  . . .     SeeInvis .     p - +0 war axe
rCold  . . .     Gourm    .     (armour currently unavailable)
rNeg   + + +     Faith    .     (no shield)
rPois  +         Spirit   .     (helmet currently unavailable)
rElec  .         Reflect  .     (cloak currently unavailable)
rCorr  .         Harm     .     (gloves currently unavailable)
MR     .....     NoTele   +     (boots currently unavailable)
Stlth  ++........               (no amulet)
                                (no ring)
                                (no ring)

@: tree-form
A: no striking features
a: no special abilities


You were on level 2 of the Dungeon.
You were not hungry.
You were a tree.
You visited 1 branch of the dungeon, and saw 2 of its levels.

You collected 79 gold pieces.

Inventory:

Hand Weapons
 e - a +0 club
 p - a +0 war axe (weapon)
 q - a +1 dagger of protection
Missiles
 h - 3 javelins (quivered)
Armour
 a - a +0 robe (melded)
 d - a +0 ring mail
Wands
 m - a wand of lightning (7/15)
Scrolls
 f - a scroll of blinking {unknown}
 i - 5 scrolls of remove curse
 j - 2 scrolls of identify {unknown}
 l - 4 scrolls of fog {unknown}
Books
 b - a book of Flames

   Spells                             Type                      Level
   a - Flame Tongue                   Conjuration/Fire             1
   b - Throw Flame                    Conjuration/Fire             2
   c - Conjure Flame                  Conjuration/Fire             3
   d - Inner Flame                    Hexes/Fire                   3
   e - Sticky Flame                   Conjuration/Fire             4
   f - Fireball                       Conjuration/Fire             5
Comestibles
 c - a bread ration
 k - 3 chunks of flesh
 o - 4 fruits


   Skills:
 + Level 0.5 Fighting
 * Level 1.8 Axes
 - Level 1.5 Dodging
 - Level 1.5 Stealth
 - Level 1.5 Spellcasting
 - Level 1.0 Conjurations
 + Level 5.0 Fire Magic


You had 5 spell levels left.
You knew the following spells:

 Your Spells              Type           Power        Failure   Level  Hunger
a - Flame Tongue          Conj/Fire      ##...        10%         1    ##.....


Dungeon Overview and Level Annotations

Branches:
Dungeon (2/15)

Altars:

Annotations:
D:2 Robin


Message History

The goblin hits you with a club. The goblin barely misses you. x2
The goblin completely misses you.
You closely miss the goblin. You hit the goblin.
You hit the goblin but do no damage.
Robin roars a battlecry!
The goblin closely misses you. The goblin hits you but does no damage.
The goblin closely misses you. The goblin hits you with a club.
* * * LOW HITPOINT WARNING * * *
It was a potion of cancellation.
You feel magically purged.
Your magical contamination has completely faded away.
The goblin hits you but does no damage. The goblin hits you with a club!
* * * LOW HITPOINT WARNING * * *
A goblin comes into view. It is wielding a dagger.
It was a potion of lignification.
You turn into a tree.
Your +0 robe melds into your body.
Your roots penetrate the ground.
The goblin no longer looks unusually strong.
The goblin hits you with a club.
* * * LOW HITPOINT WARNING * * *
The goblin hits you.
You die...

..##..# ..##..#
..##..# # ..##..# .
..##..# .# ..##..#
#.# #..# ... #..#
####g#####.## #..#
....ggg♣g...#
#.)###########g#.##
#.)#..###...÷.<...#
#..)......#######.#
##.#......# ..
#.#.#....# ##
#.............
####.######### #..


You could see Robin and 5 goblins.

Vanquished Creatures
  An adder (D:2)
  2 worms (D:2)
  2 leopard geckos (D:1)
  11 goblins
  10 hobgoblins
  2 jackals (D:1)
  4 kobolds
  3 bats
  4 frilled lizards (D:1)
  8 rats
47 creatures vanquished.

Notes
Turn   | Place    | Note
-------+----------+-------------------------------------------
     0 | D:1      | dngmouse the Hill Orc Fire Elementalist began the quest for the Orb.
     0 | D:1      | Reached XP level 1. HP: 14/14 MP: 3/3
   240 | D:1      | Reached XP level 2. HP: 20/20 MP: 0/4
   433 | D:1      | Reached skill level 4 in Fire Magic
  1026 | D:1      | Reached XP level 3. HP: 26/26 MP: 1/5
  2129 | D:2      | Reached skill level 1 in Axes
  2385 | D:2      | Reached skill level 5 in Fire Magic
  2385 | D:2      | Reached XP level 4. HP: 30/33 MP: 2/6
  2425 | D:2      | Noticed Robin
  2438 | D:2      | Slain by a goblin

Skill      XL: |  1  2  3 |
---------------+----------+-----
Fire Magic     | 4 5 |  5.0
Axes           | 1 |  1.8
Fighting       | |  0.5
Dodging        | |  1.5
Stealth        | |  1.5
Spellcasting   | |  1.5
Conjurations   | |  1.0

Action                   |  1- 3 |  4- 6 || total
-------------------------+-------+-------++-------
Melee: Club              |    26 |       ||    26
       War axe           |     9 |     4 ||    13
Throw: Javelin           |     1 |       ||     1
 Cast: Flame Tongue      |    81 |     6 ||    87
  Use: Scroll            |     1 |       ||     1
       Potion            |       |     2 ||     2
  Eat: Chunk             |     7 |       ||     7
Armor: Robe              |    17 |     4 ||    21
Dodge: Dodged            |    52 |    13 ||    65
